 Dungeon Crawl Stone Soup version 0.21.1-1-g345015f (console) character file.

26906 fly the Carver (level 13, 0/93 HPs)
             Began as a Human Berserker on July 30, 2018.
             Was an Elder of Trog.
             Engulfed by a fire crab's flame (36 damage)
             ... on level 5 of the Lair of Beasts.
             The game lasted 00:46:04 (14988 turns).

fly the Carver (Human Berserker)                   Turns: 14988, Time: 00:46:04

Health: 0/93       AC: 20    Str: 18    XL:     13   Next: 61%
Magic:  19/19      EV: 15    Int: 11    God:    Trog [****..]
Gold:   991        SH: 21    Dex: 22    Spells: 12/12 levels left

rFire    . . .     SeeInvis .   a - +2 falchion "Nyelilef" {flame, rPois}
rCold    + . .     Gourm    +   v - +4 large shield of the Desert {rPois MR- Int+3 Dex+2}
rNeg     . . .     Faith    .   y - +2 ring mail of the Thistle {rElec rC+ Dex+3}
rPois    +         Spirit   .   e - +2 helmet
rElec    +         Reflect  .   q - +2 cloak
rCorr    .         Harm     .   r - +0 pair of gloves
MR       +....                  o - +2 pair of boots
Stlth    +.........             S - amulet of the gourmand
HPRegen  1.25/turn              w - ring of flight
MPRegen  0.16/turn              (no ring)

@: berserk cooldown, regenerating, slowed, very slow
A: no striking features
a: Berserk, Trog's Hand, Brothers in Arms, Burn Spellbooks, Renounce Religion,
Evoke Flight


You were on level 5 of the Lair of Beasts.
You worshipped Trog.
Trog was greatly pleased with you.
You were near starving.

You visited 2 branches of the dungeon, and saw 15 of its levels.

You collected 991 gold pieces.

Inventory:

Hand Weapons
 a - the +2 falchion "Nyelilef" (weapon) {flame, rPois}
   (You found it on level 7 of the Dungeon)

   It has been specially enchanted to burn those struck by it, causing extra
   injury to most foes and up to half again as much damage against particularly
   susceptible opponents.
   Big, fiery blades are also staple armaments of hydra-hunters.
   It protects you from poison.
 b - a +4 scythe of venom
 M - the cursed +0 quarterstaff "Ifoathik" {vamp, *Noise +Inv rN+ MR+, unknown}
   (You found it on level 4 of the Lair of Beasts)

   It inflicts no extra harm, but heals its wielder when it wounds a living foe.
   It protects you from negative energy.
   It affects your resistance to hostile enchantments.
   It lets you turn invisible.
   It may make noises in combat.
   It has a curse placed upon it.
Armour
 e - a +2 helmet (worn)
 o - a +2 pair of boots (worn)
 q - a +2 cloak (worn)
 r - a +0 pair of gloves (worn)
 v - the +4 large shield of the Desert (worn) {rPois MR- Int+3 Dex+2}
   (You found it on level 9 of the Dungeon)

   It affects your intelligence (+3).
   It affects your dexterity (+2).
   It protects you from poison.
   It affects your resistance to hostile enchantments.
 y - the +2 ring mail of the Thistle (worn) {rElec rC+ Dex+3}
   (You found it on level 6 of the Dungeon)

   It affects your dexterity (+3).
   It protects you from cold.
   It insulates you from electricity.
Jewellery
 w - a ring of flight (left hand)
 S - an amulet of the gourmand (around neck)
Wands
 i - a wand of random effects (6)
 x - a wand of polymorph (39)
 B - a wand of iceblast (10)
 D - a wand of disintegration (14)
 E - a wand of acid (18)
 I - a wand of scattershot (4)
 K - a wand of digging (27)
 L - a wand of flame (44)
 N - a wand of paralysis (16)
Scrolls
 c - a scroll of remove curse
 h - 3 scrolls of teleportation
 j - 5 scrolls of magic mapping
 k - 2 scrolls of fear {unknown}
 m - a scroll of noise {unknown}
 n - 3 scrolls of immolation {unknown}
 p - 2 scrolls of blinking {unknown}
 s - 3 scrolls of amnesia {unknown}
 z - a scroll of vulnerability {unknown}
 H - 3 scrolls of fog
 J - a scroll of silence {unknown}
Potions
 d - 3 potions of might
 f - 2 potions of lignification
 g - a potion of mutation {unknown}
 l - a potion of berserk rage {unknown}
 t - 8 potions of curing
 C - 3 potions of brilliance {unknown}
 F - a potion of agility {unknown}
 G - 2 potions of heal wounds {unknown}
 O - 2 potions of cancellation {unknown}
Books
 A - a book of Minor Magic

   Spells                             Type                      Level
   a - Magic Dart                     Conjuration                  1
   b - Blink                          Translocation                2
   c - Call Imp                       Summoning                    2
   d - Slow                           Hexes                        2
   e - Conjure Flame                  Conjuration/Fire             3
   f - Mephitic Cloud                 Conjuration/Poison/Air       3
   Trog disapproves of the use of such an item.
Miscellaneous
 Q - a phantom mirror
 R - a lightning rod (4/4)
Comestibles
 u - 33 rations
 P - a chunk of flesh


   Skills:
 - Level 6.0 Fighting
 + Level 12.8 Long Blades
 - Level 9.0 Armour
 - Level 9.0 Dodging
 - Level 9.0 Shields
 - Level 9.0 Evocations


You had 12 spell levels left.
You didn't know any spells.

Dungeon Overview and Level Annotations

Branches:
Dungeon (10/15)            Temple (0/1) D:4            Lair (5/6) D:8
 Shoals (0/4) Lair:4        Snake (0/4) Lair:3          Orc (0/2) D:10
  Slime: Lair:5-6

Altars:
Ashenzari
Fedhas
Gozag
Hepliaklqana
Nemelex Xobeh
Okawaru
Qazlal
Sif Muna
Trog
Uskayaw
Vehumet
Xom
The Shining One

Shops:
D:6 =


Message History

Unknown command.
You are engulfed in blazing flames.
The fire crab breathes flames at you. The blast of flame misses you.
Unknown command.
The fire crab breathes flames at you. The blast of flame misses you.
The fire crab breathes flames at you. The blast of flame engulfs you!
Unknown command.
You hit the fire crab.
The fire crab is moderately wounded.
You are engulfed in blazing flames.
The fire crab closely misses you. You block the fire crab's attack.
Unknown command.
Your skin crawls.
You feel resistant to hostile enchantments.
You are near starving!
You are engulfed in blazing flames.
You die...

.......## ##P...##
#.......## ## ##P.....#
#P........ ..# #.....PP#
#........ ...####......#
##.....................#
#.....P.##...........PP##
#.......##....##........#
##..........###.........
###..P..t@....P...........
#PP.##....................
P..P......................
.....#.††.................
.........................<
..........................
..........................
..........................
..........................


You could see a fire crab.

Vanquished Creatures
  A hydra (Lair:2)
  The ghost of zapotec the Cleaver, a novice MiBe of Trog (Lair:1)
  3 two-headed ogres
  The ghost of zapotec the Covert, a novice DsBe of Trog (D:9)
  Urug (Lair:4)
  Psyche (D:9)
  8 elephants
  A black mamba (Lair:3)
  6 spiny frogs
  6 komodo dragons
  A rime drake (Lair:3)
  2 trolls
  Prince Ribbit (D:6)
  7 blink frogs
  A dream sheep (Lair:3)
  4 hippogriffs
  A spriggan (Lair:3)
  A wyvern (Lair:3)
  Sigmund (D:6)
  Eustachio (D:6)
  20 yaks
  2 basilisks (Lair:3)
  A golden eye (D:10)
  2 nagas (Lair:3)
  10 water moccasins
  10 porcupines
  An orc warrior (D:10)
  2 sky beasts (D:9)
  4 ogres
  A swamp drake (D:10)
  2 eyes of draining
  A phantom (D:9)
  15 wolves
  3 centaurs
  10 crocodiles
  A big kobold (D:10)
  17 bullfrogs
  2 scorpions
  6 killer bees
  7 wights
  4 howler monkeys
  2 electric eels (D:8)
  3 crimson imps
  2 bullfrog zombies
  A centaur zombie (D:5)
  3 jellies
  A gnoll shaman (D:4)
  4 hounds
  4 orc priests
  Crazy Yiuf (D:4)
  A centaur skeleton (D:4)
  7 orc wizards
  5 worker ants
  3 iguanas
  A hound zombie (D:6)
  A hound skeleton (D:7)
  11 gnolls
  12 adders
  A river rat (D:5)
  2 shadow imps
  2 oozes
  An adder skeleton (D:7)
  An adder zombie (D:7)
  5 worms
  4 dart slugs
  6 leopard geckos
  35 orcs
  A ball python (D:5)
  6 giant cockroaches
  8 hobgoblins
  15 jackals
  13 kobolds
  4 quokkas
  6 bats
  6 frilled lizards
  8 goblins
  A leopard gecko zombie (D:7)
  10 rats
367 creatures vanquished.

Vanquished Creatures (collateral kills)
  The ghost of zapotec the Protected, a novice GrFi of Dithmenos (D:10)
  2 elephants
  5 killer bees
  2 orcs (D:9)
  A rat (D:5)
11 creatures vanquished.

Vanquished Creatures (others)
  3 fungi
  A plant (Lair:2)
4 creatures vanquished.

Grand Total: 382 creatures vanquished

Notes
Turn   | Place    | Note
-------+----------+-------------------------------------------
     0 | D:1      | fly the Human Berserker began the quest for the Orb.
     0 | D:1      | Reached XP level 1. HP: 18/18 MP: 1/1
   198 | D:1      | Reached XP level 2. HP: 10/24 MP: 2/2
   406 | D:1      | Reached skill level 4 in Long Blades
   406 | D:1      | Reached XP level 3. HP: 19/29 MP: 3/3
   429 | D:1      | Reached ** piety under Trog
  1024 | D:2      | Found a glowing golden altar of the Shining One.
  1053 | D:2      | Reached XP level 4. HP: 31/35 MP: 4/4
  1276 | D:2      | Reached XP level 5. HP: 38/41 MP: 5/5
  1279 | D:2      | Found an opulent altar of Gozag.
  1525 | D:3      | Found a shattered altar of Ashenzari.
  1539 | D:3      | Reached skill level 5 in Long Blades
  1828 | D:3      | Found a sparkling altar of Nemelex Xobeh.
  2170 | D:3      | Reached XP level 6. HP: 47/47 MP: 6/6
  2190 | D:3      | Reached *** piety under Trog
  2791 | D:4      | Found a staircase to the Ecumenical Temple.
  2857 | D:4      | Reached XP level 7. HP: 52/52 MP: 7/7
  3437 | D:4      | Found a runed door.
  3485 | D:4      | Noticed Crazy Yiuf
  3489 | D:4      | Killed Crazy Yiuf
  3541 | D:5      | Entered Level 5 of the Dungeon
  3755 | D:5      | Reached skill level 6 in Long Blades
  3859 | D:5      | Found a shimmering altar of Xom.
  3860 | D:5      | Found a shimmering altar of Xom.
  3860 | D:5      | Found a shimmering altar of Xom.
  3860 | D:5      | Found a shimmering altar of Xom.
  3860 | D:5      | Found a shimmering altar of Xom.
  3860 | D:5      | Found a shimmering altar of Xom.
  3872 | D:5      | Found a shimmering altar of Xom.
  3985 | D:5      | Got a slimy flail
  4174 | D:5      | Found a stormy altar of Qazlal.
  4211 | D:5      | Reached **** piety under Trog
  4438 | D:5      | Identified the +5 flail of Imminent Death {drain, +Rage} (You found it on level 5 of the Dungeon)
  4473 | D:6      | Noticed Eustachio
  4478 | D:6      | Killed Eustachio
  4478 | D:6      | Reached skill level 5 in Armour
  4478 | D:6      | Reached skill level 5 in Dodging
  4478 | D:6      | Reached XP level 8. HP: 58/58 MP: 8/8
  4579 | D:6      | Noticed Sigmund
  4594 | D:6      | Killed Sigmund
  4594 | D:6      | Reached skill level 1 in Evocations
  4690 | D:6      | Noticed Prince Ribbit
  4783 | D:6      | Killed Prince Ribbit
  4783 | D:6      | Reached XP level 9. HP: 53/63 MP: 9/11
  4846 | D:6      | Found Heewn's Jewellery Emporium.
  4935 | D:6      | Found a bloodstained altar of Trog.
  4970 | D:6      | Got a jewelled ring mail
  4983 | D:6      | Identified the +2 ring mail of the Thistle {rElec rC+ Dex+3} (You found it on level 6 of the Dungeon)
  5235 | D:7      | Found a blossoming altar of Fedhas.
  5903 | D:7      | Got a steaming falchion
  5909 | D:7      | Identified the cursed +2 falchion "Nyelilef" {flame, rPois} (You found it on level 7 of the Dungeon)
  5939 | D:8      | Reached skill level 5 in Evocations
  6112 | D:8      | Noticed a hippogriff
  6141 | D:8      | Killed a hippogriff
  6167 | D:8      | Noticed a troll
  6170 | D:8      | Killed a troll
  6195 | D:8      | Reached XP level 10. HP: 30/70 MP: 16/16
  6297 | D:8      | Found a staircase to the Lair.
  6466 | D:8      | Reached skill level 7 in Long Blades
  6630 | D:8      | Noticed a two-headed ogre
  6651 | D:8      | Killed a two-headed ogre
  6651 | D:8      | Reached skill level 8 in Long Blades
  6832 | D:8      | Found a hazy altar of Hepliaklqana.
  6856 | D:8      | Found a deep blue altar of Sif Muna.
  7011 | D:8      | Reached skill level 9 in Long Blades
  7246 | D:8      | Found a radiant altar of Vehumet.
  7320 | D:9      | Noticed Psyche
  7331 | D:9      | Killed Psyche
  7338 | D:9      | Reached skill level 10 in Long Blades
  7449 | D:9      | Noticed a two-headed ogre
  7457 | D:9      | Killed a two-headed ogre
  7457 | D:9      | Reached XP level 11. HP: 75/75 MP: 17/17
  7463 | D:9      | Noticed zapotec's ghost (novice DsBe)
  7479 | D:9      | Found a hide-covered altar of Uskayaw.
  7588 | D:9      | Found an iron altar of Okawaru.
  7624 | D:9      | Noticed a two-headed ogre
  7638 | D:9      | Killed a two-headed ogre
  7944 | D:9      | Got a transparent large shield
  8210 | D:10     | Entered Level 10 of the Dungeon
  8271 | D:10     | Found an opulent altar of Gozag.
  8570 | D:10     | Found a staircase to the Orcish Mines.
  8657 | D:10     | Noticed zapotec's ghost (novice GrFi)
  8708 | D:10     | Killed zapotec's ghost
  8904 | D:10     | Got a spiked ring mail
  9417 | D:9      | Killed zapotec's ghost
  9447 | Lair:1   | Entered Level 1 of the Lair of Beasts
  9479 | Lair:1   | Noticed zapotec's ghost (novice MiBe)
  9682 | Lair:1   | Killed zapotec's ghost
 10112 | Lair:1   | Reached XP level 12. HP: 81/81 MP: 18/18
 10503 | Lair:2   | Identified the +4 large shield of the Desert {rPois MR- Int+3 Dex+2} (You found it on level 9 of the Dungeon)
 10513 | Lair:2   | Identified the +1 ring mail of Hopscotch {Dex+4} (You found it on level 10 of the Dungeon)
 10890 | Lair:2   | Reached skill level 5 in Shields
 11421 | Lair:2   | Noticed an eight-headed hydra
 11429 | Lair:2   | Killed a three-headed hydra
 12006 | Lair:2   | Received a gift from Trog
 12641 | Lair:3   | Found a staircase to the Snake Pit.
 12957 | Lair:3   | Reached XP level 13. HP: 83/90 MP: 19/19
 13308 | Lair:3   | Found a bloodstained altar of Trog.
 13398 | Lair:4   | Found a staircase to the Shoals.
 13413 | Lair:3   | Reached skill level 5 in Fighting
 13539 | Lair:4   | Reached skill level 11 in Long Blades
 13736 | Lair:4   | Got an ancient quarterstaff
 14151 | Lair:4   | Noticed Urug
 14164 | Lair:4   | Killed Urug
 14347 | Lair:4   | Reached skill level 12 in Long Blades
 14988 | Lair:5   | Engulfed by a fire crab's flame

Skill      XL: |  1  2  3  4  5  6  7  8  9 10 11 12 13 |
---------------+----------------------------------------+-----
Long Blades    | 4 5 6 10 12 | 12.8
Armour         | 3 5 6 9 |  9.0
Dodging        | 3 5 6 9 |  9.0
Evocations     | 2 8 9 |  9.0
Shields        | 2 9 |  9.0
Fighting       | 4 6 |  6.0

Action                   |  1- 3 |  4- 6 |  7- 9 | 10-12 | 13-15 || total
-------------------------+-------+-------+-------+-------+-------++-------
Melee: Falchion          |    77 |   258 |   192 |   788 |   188 ||  1503
       Quarterstaff      |       |       |    75 |       |       ||    75
       Flail             |       |       |    17 |       |       ||    17
       Long sword        |       |       |       |     6 |   143 ||   149
Invok: Berserk           |     2 |     3 |     8 |    17 |     5 ||    35
       Trog's Hand       |       |       |     1 |     6 |     2 ||     9
       Brothers in Arms  |       |       |     1 |     4 |     2 ||     7
Evoke: Wand              |       |       |     2 |    51 |     4 ||    57
  Use: Scroll            |       |       |     5 |     8 |       ||    13
 Stab: Paralysed         |       |       |     2 |     2 |       ||     4
       Petrified         |       |       |     2 |       |       ||     2
       Distracted        |       |       |     1 |       |       ||     1
       Sleeping          |       |       |       |     1 |       ||     1
  Eat: Chunk             |     2 |     8 |    18 |    39 |    14 ||    81
       Ration            |       |       |     1 |     1 |       ||     2
Armor: Animal skin       |     7 |       |       |       |       ||     7
       Scale mail        |     2 |    83 |       |       |       ||    85
       Ring mail         |       |    27 |   107 |   203 |    85 ||   422
Dodge: Dodged            |    51 |   166 |   247 |   454 |   146 ||  1064
Block: Large shield      |       |       |       |   243 |   412 ||   655
       Rpst.: Falchion   |    13 |    58 |    57 |   118 |    23 ||   269
       Long sword        |       |       |       |       |    21 ||    21
